Map: Green Acres

Players

A.I. 2 (Hard)

  • Race: Zerg Zerg
  • Spawn Location: 7:00

mivmus - Winner!

  • Race: Terran Terran
  • Spawn Location: 12:00

larsgj - Winner!

  • Race: Terran Terran
  • Spawn Location: 1:00

VOD

Have the link to the VOD?

Description

Time

  • Played on: July 9, 2020, 1:37 p.m.
  • Length: 35:39
Show
View Real Time Build Order
Export as new Build Order

A.I. 2 (Hard) Zerg 

Build Orders: 1 Base Baneling Bust, Pool First 

Get SALT Encoding   

  12  0:01  Drone  
  13  0:12  Overlord  
  13  0:17  Drone  
  14  0:30  Drone  
  14  0:31  Drone  
  16  0:43  Spawning Pool  
  16  0:45  Drone  
  16  0:49  Drone  
  17  0:52  Extractor  
  17  0:55  Drone  
  17  1:05  Overlord  
  17  1:31  Queen, Zergling x2  
  20  1:38  Drone  
  21  1:41  Roach Warren  
  21  1:42  Extractor, Zergling x2  
  20  1:49  Drone  
  21  1:59  Drone  
  22  2:10  Lair  
  22  2:21  Roach  
  24  2:30  Drone  
  25  2:39  Overlord  
  25  2:43  Drone  
  26  2:50  Roach  
  28  3:02  Roach  
  28  3:04  Overlord  
  30  3:09  Hydralisk Den  
  30  3:10  Drone  
  30  3:22  Roach  
  32  3:33  Roach  
  34  3:36  Overlord  
  34  3:45  Roach  
  36  3:55  Hydralisk  
  36  4:02  Drone  
  39  4:05  Drone  
  39  4:07  Hydralisk  
  42  4:13  Drone  
  42  4:14  Drone  
  44  4:18  Hydralisk  
  44  4:20  Overlord  
  46  4:25  Drone  
  47  4:35  Baneling Nest  
  47  4:36  Drone  
  47  4:43  Evolution Chamber  
  47  4:45  Hydralisk, Drone  
  46  4:47  Drone  
  50  6:12  Roach, Overlord x2, Overseer x2, Zerg Melee Weapons Level 1, Burrow  
  50  6:14  Evolution Chamber  
  50  6:15  Spore Crawler  
  50  6:17  Drone  
  51  6:18  Spore Crawler  
  51  6:21  Roach, Drone, Infestation Pit  
  51  6:23  Hatchery  
  51  6:30  Roach  
  53  6:39  Zerg Missile Weapons Level 1  
  51  6:40  Roach  
  51  6:45  Drone  
  52  6:49  Drone  
  52  6:52  Zergling x2  
  52  7:01  Roach  
  54  7:11  Roach  
  54  7:12  Spine Crawler  
  55  7:20  Spine Crawler  
  54  7:23  Queen  
  56  7:32  Spire  
  56  7:35  Drone  
  56  7:37  Drone  
  56  7:38  Drone  
  56  7:40  Drone  
  56  7:41  Drone  
  56  7:43  Drone  
  61  7:49  Drone  
  62  7:53  Drone  
  62  7:56  Drone  
  64  7:58  Drone  
  64  8:01  Drone  
  64  8:03  Drone  
  67  8:06  Drone  
  67  8:08  Drone  
  67  8:11  Drone  
  70  8:13  Drone  
  70  8:17  Overlord  
  71  8:24  Drone  
  72  8:27  Drone  
  72  8:29  Drone  
  72  8:30  Drone  
  72  8:34  Zerg Ground Armor Level 1  
  75  8:35  Overseer  
  75  8:36  Overlord  
  75  8:39  Drone  
  76  8:44  Spore Crawler  
  76  8:46  Spore Crawler  
  74  8:50  Queen  
  76  9:10  Spine Crawler  
  76  9:13  Drone, Spine Crawler  
  75  9:39  Extractor  
  75  9:40  Drone  
  75  9:41  Extractor  
  75  9:42  Drone  
  75  10:02  Drone  
  75  10:03  Drone  
  75  10:05  Drone  
  75  10:06  Drone  
  79  10:08  Drone  
  79  10:09  Drone  
  81  10:43  Corruptor  
  81  10:44  Overlord, Hive  
  81  10:45  Pneumatized Carapace, Overseer  
  81  10:49  Hatchery  
  82  10:54  Infestor  
  84  11:03  Overlord  
  83  11:06  Zergling x2  
  82  11:16  Corruptor  
  76  11:19  Overseer  
  74  11:27  Corruptor  
  74  11:31  Zerg Melee Weapons Level 2  
  68  11:37  Infestor  
  68  11:52  Zerg Ground Armor Level 2  
  68  11:56  Greater Spire  
  68  12:02  Queen, Drone  
  68  12:04  Drone  
  68  12:05  Drone  
  68  12:07  Drone  
  75  12:08  Extractor, Drone  
  75  12:10  Drone  
  75  12:11  Drone, Spore Crawler  
  75  12:12  Drone  
  75  12:13  Spore Crawler  
  75  12:14  Drone  
  76  12:15  Drone, Spore Crawler  
  76  12:17  Drone  
  76  12:18  Extractor, Drone  
  76  12:20  Drone  
  76  12:21  Drone  
  76  12:22  Pathogen Glands  
  79  12:23  Drone  
  79  12:24  Drone  
  79  12:26  Drone  
  79  12:27  Drone  
  79  12:28  Drone  
  84  12:30  Drone  
  84  12:36  Spine Crawler  
  84  12:37  Drone  
  84  12:39  Drone, Spine Crawler  
  85  12:59  Ultralisk Cavern  
  85  13:01  Drone  
  85  13:07  Zerg Flyer Armor Level 1, Corruptor, Overlord  
  85  13:08  Brood Lord  
  89  13:17  Spire  
  89  13:18  Drone, Brood Lord  
  89  13:19  Brood Lord  
  93  13:21  Corruptor  
  95  13:32  Corruptor  
  97  13:46  Corruptor  
  97  13:47  Overlord, Zerg Missile Weapons Level 2, Brood Lord  
  101  14:29  Zerg Flyer Weapons Level 1  
  101  14:59  Overlord  
  101  15:06  Overseer  
  101  15:12  Zergling x2  
  101  15:17  Overlord  
  101  15:18  Corruptor  
  83  15:25  Infestor  
  81  15:50  Hatchery  
  81  15:54  Corruptor  
  82  16:01  Corruptor, Brood Lord  
  86  16:09  Corruptor  
  88  16:15  Infestor  
  90  16:26  Zerg Flyer Weapons Level 2  
  90  16:33  Corruptor, Brood Lord  
  94  16:41  Corruptor, Brood Lord  
  98  16:48  Brood Lord  
  98  16:51  Corruptor  
  101  17:03  Drone, Queen  
  101  17:04  Queen  
  101  17:05  Drone, Corruptor  
  105  17:13  Extractor, Corruptor  
  105  17:14  Drone  
  105  17:18  Drone  
  105  17:23  Drone, Evolution Chamber, Corruptor  
  105  17:25  Drone  
  105  17:29  Drone  
  97  17:31  Spawning Pool  
  97  17:32  Drone  
  97  17:36  Mutalisk  
  93  17:39  Drone, Evolution Chamber  
  93  17:40  Drone  
  93  17:41  Extractor, Mutalisk  
  93  17:42  Drone  
  85  17:45  Overlord, Mutalisk  
  85  17:48  Mutalisk  
  89  17:53  Overlord  
  85  18:13  Overlord  
  85  18:18  Queen, Zergling x2, Lair  
  88  18:20  Spore Crawler  
  88  18:21  Spore Crawler  
  86  18:32  Overlord  
  86  18:33  Spore Crawler  
  85  18:34  Mutalisk  
  85  18:41  Mutalisk  
  87  18:45  Spore Crawler  
  87  18:46  Spine Crawler  
  87  18:47  Mutalisk  
  87  18:48  Spine Crawler  
  88  18:51  Overlord, Drone  
  88  18:52  Drone  
  88  18:54  Drone, Corruptor, Brood Lord  
  88  18:55  Drone  
  96  18:57  Drone, Roach Warren  
  96  18:58  Drone  
  96  18:59  Drone  
  98  19:10  Overlord  
  98  19:14  Zerg Flyer Armor Level 2  
  98  19:19  Infestation Pit  
  98  19:20  Drone  
  98  19:55  Hive  
  98  20:03  Baneling Nest  
  98  20:04  Drone  
  98  20:10  Drone, Hydralisk Den  
  98  20:25  Overlord, Overseer  
  98  21:07  Zerg Melee Weapons Level 3, Zerg Missile Weapons Level 3, Viper  
  98  21:08  Hatchery  
  98  21:09  Viper  
  98  21:10  Ultralisk Cavern, Zerg Flyer Weapons Level 3  
  102  21:31  Zerg Flyer Armor Level 3  
  102  21:33  Overlord, Infestor  
  104  21:40  Corruptor  
  104  21:46  Infestor  
  108  22:08  Overlord, Corruptor, Brood Lord  
  112  22:14  Corruptor  
  112  22:15  Brood Lord  
  116  22:22  Drone, Queen  
  119  22:23  Drone, Corruptor  
  119  22:24  Brood Lord  
  124  22:36  Extractor  
  124  22:37  Drone  
  124  22:52  Spore Crawler  
  124  22:53  Drone  
  124  22:54  Spore Crawler  
  124  22:55  Drone  
  124  22:57  Extractor, Drone  
  124  23:19  Spine Crawler  
  123  23:20  Drone  
  123  23:22  Drone, Spine Crawler  
  124  23:44  Zerg Ground Armor Level 3  
  124  25:03  Roach, Overlord  
  126  25:08  Roach  
  126  25:12  Hydralisk  
  130  25:18  Roach  
  132  25:22  Overlord, Glial Reconstitution  
  132  25:23  Roach  
  132  25:28  Roach  
  130  25:33  Hydralisk  
  126  25:38  Hydralisk  
  126  25:40  Overlord, Viper  
  126  25:41  Overseer  
  112  25:43  Chitinous Plating, Viper  
  112  25:44  Ultralisk  
  112  25:49  Roach, Overseer  
  104  25:54  Roach  
  102  25:58  Overlord  
  102  25:59  Roach  
  102  26:04  Roach  
  106  26:08  Zergling x2  
  107  26:14  Roach  
  107  26:18  Hydralisk, Overlord  
  109  26:23  Hydralisk  
  113  26:28  Hydralisk  
  113  26:30  Hatchery  
  114  26:33  Infestor  
  114  26:36  Overlord  
  114  26:38  Infestor  
  118  26:41  Tunneling Claws  
  118  26:43  Infestor  
  120  26:48  Neural Parasite, Infestor  
  120  26:54  Ultralisk  
  128  26:56  Overlord  
  128  26:59  Ultralisk  
  134  27:42  Queen, Drone  
  137  27:56  Extractor  
  137  27:57  Drone  
  137  28:06  Spore Crawler  
  137  28:07  Drone  
  137  28:10  Spore Crawler  
  137  28:11  Drone  
  137  28:15  Extractor, Drone  
  137  28:36  Drone, Spine Crawler  
  137  28:37  Spine Crawler  
  137  28:39  Drone  
  137  29:19  Overseer  
  137  29:23  Zergling x2, Mutalisk  
  137  29:24  Overlord, Zergling x2, Mutalisk x2  
  139  29:25  Zergling x4, Mutalisk x3  
  139  29:26  Zergling x10  
  139  29:27  Metabolic Boost  
  158  29:37  Mutalisk  
  158  29:38  Mutalisk  
  158  29:39  Mutalisk x2  
  158  29:41  Zergling x2, Baneling, Mutalisk x2, Viper  
  158  29:42  Baneling x2, Zergling x2  
  158  29:43  Overlord, Zergling x2  
  158  29:44  Baneling  
  158  29:45  Baneling x3, Zergling x4  
  144  29:46  Baneling  
  132  30:08  Mutalisk x2  
  132  30:09  Mutalisk  
  132  30:10  Mutalisk x2  
  132  30:11  Mutalisk  
  132  30:12  Overseer  
  132  30:14  Mutalisk  
  132  30:15  Mutalisk x2  
  132  30:20  Roach, Queen  
  132  30:22  Mutalisk  
  132  30:26  Roach, Zergling x2, Baneling, Spore Crawler  
  129  30:29  Queen, Drone  
  129  30:31  Baneling  
  129  30:32  Zergling x2  
  129  30:34  Baneling, Mutalisk  
  129  30:35  Baneling, Zergling x2  
  128  30:36  Zergling x2, Mutalisk  
  128  30:37  Zergling x2, Mutalisk  
  128  30:38  Zergling x2, Overseer  
  128  30:39  Overlord, Zergling x2, Mutalisk  
  128  30:40  Zergling x2, Mutalisk  
  128  30:41  Mutalisk x2  
  128  30:42  Mutalisk  
  122  30:44  Overseer x2  
  122  30:45  Viper  
  122  30:46  Adrenal Glands, Zergling x4  
  122  30:47  Zergling x2  
  105  30:52  Baneling x2  
  105  30:53  Spore Crawler  
  105  30:56  Overlord  
  104  30:58  Overlord  
  104  31:00  Overlord  
  95  31:08  Overseer  
  79  31:12  Roach  
  79  31:15  Zergling x8, Mutalisk  
  79  31:16  Zergling x2, Mutalisk  
  78  31:18  Overlord, Spore Crawler, Overseer  
  78  31:19  Mutalisk  
  78  31:23  Mutalisk  
  80  31:29  Overlord x2  
  80  31:30  Overlord x2  
  76  31:33  Overlord  
  76  31:35  Baneling Nest  
  73  31:40  Overlord  
  73  31:44  Overseer  
  73  31:46  Drone  
  67  31:58  Zergling x2  
  67  31:59  Overlord, Zergling x2  
  60  32:03  Overlord  
  60  32:04  Drone  
  60  32:05  Drone  
  56  32:14  Overseer  
  53  32:15  Overseer  
  53  32:17  Roach  
  53  32:19  Baneling x2  
  53  32:20  Baneling x3, Zergling x4  
  53  32:21  Overlord, Zergling x4, Baneling x2, Mutalisk x2  
  53  32:22  Zergling x2, Baneling  
  64  32:23  Hatchery  
  64  32:27  Zergling x2  
  63  32:30  Mutalisk  
  63  32:34  Roach  
  63  32:36  Evolution Chamber  
  65  32:38  Roach  
  65  32:39  Viper  
  65  32:41  Centrifugal Hooks, Overlord  
  65  32:42  Roach  
  72  32:54  Overlord  
  72  32:59  Hatchery  
  72  33:04  Spawning Pool  
  70  33:07  Evolution Chamber  
  70  33:08  Overlord  
  57  33:17  Spire  
  32  33:37  Overlord  
  32  33:40  Extractor  
  32  33:41  Overlord  
  30  34:00  Overlord, Spawning Pool  
  30  34:01  Drone  
  23  34:06  Drone  
  23  34:07  Drone  
  23  34:08  Drone  
  26  34:11  Drone, Evolution Chamber  
  26  34:13  Drone  
  26  34:14  Drone  
  28  34:18  Overlord, Drone  
  28  34:20  Drone  
  30  34:31  Evolution Chamber  
  30  34:35  Hatchery  
  30  34:36  Overlord  
  30  34:38  Drone  
  29  34:39  Drone  
  28  34:48  Zergling x2  
  28  34:51  Overlord  
  28  34:57  Overlord  
  28  35:06  Hatchery  
  26  35:15  Overlord, Zergling x2, Drone  
  26  35:19  Zergling x2  
  29  35:24  Drone  
Show
View Real Time Build Order
Export as new Build Order

mivmus Terran - Winner!

Build Orders:  

Get SALT Encoding   

  12  0:14  SCV  
  13  1:19  Refinery  
  13  1:44  Supply Depot  
  13  2:11  SCV  
  14  2:23  SCV  
  15  2:36  SCV  
  16  2:48  SCV  
  17  3:00  SCV  
  17  3:01  Barracks  
  18  3:17  Barracks  
  18  4:26  Supply Depot  
  18  4:49  Supply Depot  
  18  4:52  Reaper  
  19  4:59  Marine  
  20  5:17  Marine  
  21  5:24  Reaper  
  22  5:28  Supply Depot  
  22  5:35  Marine  
  23  5:53  Marine  
  23  5:56  Reaper  
  25  6:11  Marine  
  26  6:27  Bunker  
  26  6:28  Reaper  
  27  6:47  Engineering Bay  
  27  7:01  Reaper  
  28  7:25  Bunker  
  28  8:14  Barracks Reactor  
  28  9:02  Missile Turret  
  28  9:29  Marine  
  29  9:35  Reaper  
  29  9:36  Reaper  
  31  9:47  Marine  
  32  10:05  Marine  
  33  10:07  Reaper  
  33  10:08  Reaper  
  35  10:21  Missile Turret  
  35  10:23  Marine  
  36  10:39  Reaper  
  36  10:40  Reaper  
  36  10:41  Marine  
  39  10:48  Terran Infantry Weapons Level 1  
  39  11:11  Reaper  
  39  11:12  Reaper  
  41  11:49  Marine  
  42  11:55  Marine x2  
  44  12:06  Marine  
  45  12:13  Reaper x2  
  47  13:02  Supply Depot  
  47  13:20  Supply Depot  
  47  13:23  Marine  
  47  13:24  Reaper x2  
  50  13:41  Marine  
  50  13:43  Command Center  
  51  13:56  Reaper x2  
  51  13:59  Marine  
  54  14:17  Missile Turret  
  54  15:31  Sensor Tower  
  54  15:46  Reaper  
  55  15:53  Marine  
  55  15:54  Marine  
  57  16:11  Marine x2  
  57  16:14  Refinery  
  59  16:18  Reaper  
  60  16:29  Marine x2  
  62  16:43  Missile Turret  
  62  16:47  Marine x2  
  62  16:50  Reaper  
  65  17:20  Bunker  
  65  17:23  Reaper  
  66  17:55  Reaper  
  67  18:52  Factory  
  67  19:18  Reaper  
  68  19:48  Starport  
  68  19:50  Marine  
  69  20:04  Starport  
  69  20:08  Marine  
  70  20:26  Marine  
  71  20:43  Marine  
  71  20:47  Viking  
  74  20:55  Liberator  
  74  21:17  Viking  
  67  21:38  Liberator  
  67  21:41  Refinery  
  66  21:47  Viking  
  65  22:17  Viking  
  66  22:47  Viking  
  66  23:32  Starport Tech Lab  
  66  24:12  Fusion Core  
  66  24:27  Marine  
  66  24:28  Marine  
  68  24:32  Reaper  
  69  24:45  Marine x2  
  71  25:03  Marine x2  
  71  25:04  Reaper  
  74  25:21  Marine x2  
  75  25:36  Reaper  
  62  25:53  Battlecruiser  
  62  26:08  Reaper  
  63  26:29  Reaper  
  64  26:40  Reaper  
  65  26:58  Battlecruiser  
  71  27:29  Refinery  
  71  28:02  Battlecruiser  
  77  29:38  Liberator  
  78  29:40  Battlecruiser  
Show
View Real Time Build Order
Export as new Build Order

larsgj Terran - Winner!

Build Orders:  

Get SALT Encoding   

  12  0:01  SCV  
  13  0:13  SCV  
  14  0:25  SCV  
  14  0:27  Supply Depot  
  15  0:45  Refinery  
  15  0:54  Barracks  
  15  0:55  SCV  
  16  1:08  SCV  
  17  1:16  Supply Depot  
  17  1:20  SCV  
  18  1:32  SCV  
  19  1:44  SCV  
  20  1:51  Marine, Refinery  
  21  1:56  SCV  
  22  2:08  SCV  
  23  2:09  Marine  
  24  2:20  SCV  
  25  2:25  Supply Depot  
  25  2:27  Marine  
  26  2:31  Engineering Bay  
  26  2:32  SCV  
  27  2:38  Barracks  
  27  2:44  SCV  
  27  2:45  Marine  
  29  2:55  Bunker  
  29  2:56  SCV  
  30  3:02  Marine  
  31  3:08  SCV  
  32  3:20  Marine  
  32  3:22  Supply Depot  
  32  3:25  Terran Infantry Weapons Level 1  
  33  3:27  Bunker  
  33  3:30  Barracks Tech Lab  
  33  3:38  Marine  
  34  3:45  Supply Depot  
  34  3:48  Factory  
  34  3:56  Marine  
  34  3:58  Bunker  
  35  4:11  Supply Depot  
  35  4:12  Marine, Supply Depot  
  35  4:13  Combat Shield  
  35  4:14  Marine  
  38  4:32  Marine  
  38  4:37  Marauder  
  40  4:49  Marine  
  41  4:59  Marauder  
  43  5:05  Command Center  
  43  5:20  Marauder, Terran Infantry Armor Level 1  
  45  5:24  Armory  
  45  5:51  Marauder  
  45  5:53  Marine  
  48  6:06  Orbital Command  
  48  6:11  Marine  
  49  6:12  Marauder  
  51  6:19  Orbital Command  
  51  6:28  Marine  
  52  6:34  Marauder  
  51  6:55  Marauder  
  53  7:18  Bunker  
  53  7:35  Neosteel Armor  
  53  7:36  Command Center  
  53  7:45  Orbital Command  
  53  7:52  Bunker  
  53  8:35  Refinery  
  53  8:38  Refinery  
  53  8:57  Bunker  
  53  9:00  Starport  
  53  9:14  Orbital Command  
  53  9:29  Bunker, Terran Ship Weapons Level 1  
  53  9:37  Starport  
  53  9:44  Marine  
  53  9:45  Marine  
  55  10:02  Marine x2  
  57  10:14  Starport  
  57  10:20  Marine x2  
  59  10:38  Marine x2  
  61  10:52  Starport Tech Lab  
  61  10:53  Starport Tech Lab x2  
  61  10:56  Marine x2  
  63  11:01  Fusion Core  
  58  11:14  Marauder  
  54  11:23  Terran Vehicle And Ship Armor Level 1  
  45  11:36  Marauder  
  47  11:49  Battlecruiser x3  
  65  11:57  Marauder  
  67  12:06  Weapon Refit  
  67  12:53  Battlecruiser x3  
  85  13:38  Supply Depot  
  85  13:57  Battlecruiser  
  85  13:58  Battlecruiser  
  85  14:00  Battlecruiser  
  85  14:01  Supply Depot  
  103  14:17  Terran Ship Weapons Level 2  
  103  15:12  Orbital Command  
  97  15:52  SCV  
  98  16:04  SCV  
  98  16:10  Marine x2  
  101  16:16  SCV  
  102  16:28  Marine x2, SCV  
  105  16:32  Terran Vehicle And Ship Armor Level 2  
  105  16:40  SCV  
  105  16:46  Marine x2  
  108  17:04  Marine  
  109  18:09  Battlecruiser  
  109  18:10  Battlecruiser x2  
  127  19:12  Refinery  
  127  19:15  Refinery  
  133  19:25  Battlecruiser x2  
  145  19:35  Battlecruiser  
  145  20:00  Terran Vehicle And Ship Armor Level 3  
  145  20:01  Command Center  
  145  20:23  SCV  
  146  20:35  SCV  
  147  20:47  SCV  
  148  21:00  SCV  
  149  21:12  SCV  
  150  23:12  Battlecruiser x2  
  168  23:13  Battlecruiser  
  168  23:39  Terran Ship Weapons Level 3  
  168  23:50  Missile Turret x2  
  168  24:16  Battlecruiser  
  168  24:17  Battlecruiser x2  
  186  24:29  SCV  
  186  24:30  Refinery  
  187  25:07  Refinery  
  187  25:21  Battlecruiser x2  
  180  34:23  Barracks Reactor  
Tags
 
Add a new tag
Caveats
  • Supply blocks, unpowered buildings, or Contaminate may cause inaccurate times.
  • Supply counts are checked every 10 seconds.